 Dungeon Crawl Stone Soup version 0.31-a0-237-g2d982f9f85 (webtiles) character file.

Game seed: 10499834106638677347

106 Pooter the Chopper (level 4, -3/41 HPs)
             Began as a Minotaur Berserker on July 11, 2023.
             Was a Believer of Trog.
             Succumbed to a gnoll's poison
             ... on level 2 of the Dungeon.
             The game lasted 00:04:28 (953 turns).

Pooter the Chopper (Minotaur Berserker)              Turns: 953, Time: 00:04:29

Health: -3/41      AC:  2    Str: 24    XL:     4   Next: 55%
Magic:  3/3        EV: 12    Int:  4    God:    Trog [**....]
Gold:   83         SH:  0    Dex:  9    Spells: 3/3 levels left

rFire   . . .        a - +0 hand axe
rCold   . . .        (no shield)
rNeg    . . .        b - +0 animal skin
rPois   .            (helmet restricted)
rElec   .            (no cloak)
rCorr   .            (no gloves)
SInv    .            (no boots)
Will    ++...        (no amulet)
Stlth   ++           (no ring)
HPRegen 1.26/turn    (no ring)
MPRegen 0.08/turn

%: no passive effects
@: lethally poisoned (-3 -> -19), strong-willed, on berserk cooldown,
regenerating, slowed, very slow
A: horns 2, retaliatory headbutt
a: Renounce Religion, Berserk, Trog's Hand


You were on level 2 of the Dungeon.
You worshipped Trog.
Trog was pleased with you.
You visited 1 branch of the dungeon, and saw 2 of its levels.

You collected 83 gold pieces.

Inventory:

Hand Weapons
 a - a +0 hand axe (weapon)
Missiles
 Q - 8 stones
Armour
 b - a +0 animal skin (worn)
Scrolls
 d - a scroll of teleportation {unknown}
 i - a scroll of fog {unknown}
 j - a scroll of poison {unknown}
 k - a scroll of enchant weapon {unknown}
Potions
 c - a potion of brilliance {unknown}
 e - 3 potions of mutation {unknown}
 g - 2 potions of curing {unknown}
 h - 2 potions of resistance {unknown}


   Skills:
 + Level 4.3 Fighting
 * Level 5.0 Axes
 - Level 2.4 Armour
 - Level 2.1 Dodging
 * Level 2.3 Stealth


You had 3 spell levels left.
You didn't know any spells.
Your spell library was empty.

Dungeon Overview and Level Annotations

Branches:
Dungeon (2/15) Zot: 11034

Altars:


Innate Abilities, Weirdness & Mutations

You have a pair of horns on your head.
You reflexively headbutt those who attack you in melee.


Message History

The gnoll barely misses you.
The gnoll hits you from afar with a +0 spear of venom.
You are poisoned.
You feel sick.
You see here a hobgoblin corpse.
You hit the gnoll. You barely miss the gnoll.
You feel sick. The gnoll misses you. You furiously retaliate!
You headbutt the gnoll! The gnoll hits you with a +0 halberd.
The gnoll hits you from afar with a +0 spear of venom.
You are more poisoned.
You barely miss the gnoll. You closely miss the gnoll.
You feel very sick. The gnoll hits you with a +0 spear.
The gnoll hits you from afar with a +0 spear of venom.
* * * LOW HITPOINT WARNING * * *
You are more poisoned.
The gnoll barely misses you. You furiously retaliate!
You headbutt the gnoll. You barely miss the gnoll. You hit the gnoll.
You kill the gnoll!
Trog accepts your kill.
You feel very sick. The gnoll barely misses you. You furiously retaliate!
You headbutt the gnoll!
You kill the gnoll!
Trog accepts your kill.
The gnoll hits you from afar with a +0 spear of venom.
* * * LOW HITPOINT WARNING * * *
You are lethally poisoned!
* * * LOW HITPOINT WARNING * * *
You feel very sick.
Things that are here:
a +0 halberd; a gnoll corpse You slash the gnoll!
* * * LOW HITPOINT WARNING * * *
You feel very sick.
The gnoll hits you with a +0 spear of venom.
* * * LOW HITPOINT WARNING * * *
You are more poisoned.
You barely miss the gnoll. You headbutt the gnoll.
You kill the gnoll!
Trog accepts your kill.
* * * LOW HITPOINT WARNING * * *
You feel very sick.
Your Axes skill increases to level 5!
* * * LOW HITPOINT WARNING * * *
You feel very sick.
You feel a strong urge to attack something.
You are no longer berserk.
You are exhausted.
You feel yourself slow down.
You die...

#...........# #.#
#...........# #.#
#.†.........# #.#
#######...........# #.#
..................###.##
........................
.......########....##.##
######## #†[......#
#)@).....# #........#
#.....#.## #.........
#....#.### .(.......
#######.## .


There were no monsters in sight!

Vanquished Creatures
  An adder (D:2)
  4 gnolls
  A dart slug (D:1)
  6 endoplasms
  4 giant cockroaches (D:1)
  5 goblins (D:1)
  3 hobgoblins (D:2)
  10 jackals (D:1)
  2 kobolds (D:1)
  4 quokkas
  A ball python (D:1)
  A bat (D:1)
  2 frilled lizards (D:1)
  7 rats
51 creatures vanquished.

Notes
Turn   | Place    | Note
-------+----------+-------------------------------------------
     0 | D:1      | Pooter the Minotaur Berserker began the quest for the Orb.
     0 | D:1      | Reached XP level 1. HP: 19/19 MP: 0/0
    52 | D:1      | Reached skill level 4 in Axes
    52 | D:1      | Reached skill level 1 in Stealth
    52 | D:1      | Reached XP level 2. HP: 27/27 MP: 1/1
   280 | D:1      | Reached XP level 3. HP: 29/33 MP: 2/2
   283 | D:1      | Reached ** piety under Trog
   849 | D:2      | Reached XP level 4. HP: 38/40 MP: 3/3
   952 | D:2      | Reached skill level 5 in Axes
   952 | D:2      | HP: 1/61 [poisoned by a gnoll]
   953 | D:2      | Succumbed to a gnoll's poison

Illustrated notes

Levels and vault maps discovered:
D:1:      nzn_arrival_crosshair, layout_basic, minmay_vboxes
D:2:      layout_basic

Skill      XL: |  1  2  3  4 |
---------------+-------------+-----
Axes           | 4 5 |  5.0
Stealth        | 1 2 |  2.3
Fighting       | 4 |  4.3
Armour         | |  2.4
Dodging        | |  2.1

Action                     |  1- 3 |  4- 6 || total
---------------------------+-------+-------++-------
  Melee: Hand axe          |    68 |    13 ||    81
         Headbutt          |    12 |     3 ||    15
  Throw: Javelin           |       |     2 ||     2
 Invoke: Berserk           |     1 |     1 ||     2
         Trog's Hand       |       |     1 ||     1
   Stab: Sleeping          |     4 |       ||     4
         Distracted        |     1 |       ||     1
 Armour: Animal skin       |    19 |     2 ||    21
  Dodge: Dodged            |    37 |     7 ||    44

Table legend: (Time is in decaauts)
 A = Elapsed time spent in this place.
 B = Non-inter-level travel time spent in this place.
 C = Inter-level travel time spent in this place.
 D = Time resting spent in this place.
 E = Time spent auto-exploring this place.
 F = Levels seen in this place.
 G = Mean time per level.
                   A        B        C        D        E       F      G
               +--------+--------+--------+--------+--------+-----+--------+
         Total |    965 |    939 |     26 |     62 |    660 |   2 |  482.5 |
       Dungeon |    965 |    939 |     26 |     62 |    660 |   2 |  482.5 |
               +--------+--------+--------+--------+--------+-----+--------+

Top non-repeatable levels by time:
     D:1: 740 daAuts
     D:2: 225 daAuts
